 Dungeon Crawl Stone Soup version 0.29-a0-885-gb26ba3297d (webtiles) character file.

Game seed: 13517491407923165604

727898 MisterPants the Slayer (level 27, -4/254 HPs)
             Began as a Ghoul Fighter on July 20, 2022.
             Was an Initiate of Gozag.
             Killed from afar by a Hell Sentinel (39 damage)
             ... with damnation
             ... in Pandemonium on July 21, 2022.
             The game lasted 04:44:28 (93825 turns).

MisterPants the Slayer (Ghoul Fighter)             Turns: 93825, Time: 04:44:29

Health: -4/254     AC: 47    Str: 33      XL:     27
Magic:  21/34      EV: 13    Int: 14      God:    Gozag
Gold:   11195      SH: 19    Dex: 15 (16) Spells: 22/42 levels left

rFire   + + +      SeeInvis +   a - +9 broad axe (freeze)
rCold   + + .      Faith    .   v - +1 kite shield of Riristra {Str+6 Dex+4}
rNeg    + + +      Spirit   .   Z - +13 gold dragon scales of Bursted Mirth {rPois rF+ rC+ Str+4 Dex+2}
rPois   ∞          Reflect  +   P - +1 helmet "Ydwoaf" {Rampage rElec rCorr Int+2}
rElec   +          Harm     .   t - +2 cloak
rCorr   +          Rampage  +   m - +2 pair of gloves {infuse}
Will    ++++.                   H - +1 pair of boots of the Other Side {rPois}
Stlth   ..........              f - amulet "Usidgh Zumo" {Reflect Will++ Str-3 Int+3 SH+5}
HPRegen 0.00/turn               V - +4 ring of slaying
MPRegen 0.24/turn               y - ring of the Traitor {rF++ Slay+3 SInv}

@: gold aura, inhibited regen, studying 3 skills, very slow
A: claws 1, cold resistance 1, negative energy resistance 3, inhibited
regeneration, torment resistance 2, devour on kill
}: 5/15 runes: decaying, serpentine, slimy, silver, abyssal
a: Renounce Religion, Potion Petition, Call Merchant, Bribe Branch


You were in Pandemonium.
You worshipped Gozag.
Gozag was extremely pleased with you.
You visited 13 branches of the dungeon, and saw 57 of its levels.
You visited Pandemonium 1 time, and saw 1 of its levels.
You visited the Abyss 1 time.
You visited 2 bazaars.
You also visited: Ice Cave.

You collected 32421 gold pieces.
You spent 13095 gold pieces at shops.
You paid 8131 gold pieces to Gozag.

Inventory:

Hand Weapons
 a - a +9 broad axe of freezing (weapon)
 b - the +6 broad axe of Blood-Lust {flame, rC+}
   (You took it off a deep elf death mage on level 3 of the Elven Halls)

   It burns those it strikes, dealing additional fire damage.
   Big, fiery blades are also staple armaments of hydra-hunters.
   rC:        It protects you from cold.
 x - a +5 broad axe of electrocution
Missiles
 r - 10 javelins
 O - 5 silver javelins
Armour
 m - a +2 pair of gloves of infusion (worn)
 t - a +2 cloak (worn)
 v - the +1 kite shield of Riristra (worn) {Str+6 Dex+4}
   (You acquired it on level 6 of the Dungeon)

   Str:       It affects your strength (+6).
   Dex:       It affects your dexterity (+4).
 H - the +1 pair of boots of the Other Side (worn) {rPois}
   (You bought it in a shop in a bazaar)

   rPois:     It protects you from poison.
 P - the +1 helmet "Ydwoaf" (worn) {Rampage rElec rCorr Int+2}
   (You found it on level 5 of the Vaults)

   Int:       It affects your intelligence (+2).
   rElec:     It insulates you from electricity.
   rCorr:     It protects you from acid and corrosion.
   Rampage:   It bestows one free step when moving towards enemies.
 Z - the +13 gold dragon scales of Bursted Mirth (worn) {rPois rF+ rC+ Str+4 Dex+2}
   (You found it on level 3 of the Elven Halls)

   Str:       It affects your strength (+4).
   Dex:       It affects your dexterity (+2).
   rF:        It protects you from fire.
   rC:        It protects you from cold.
   rPois:     It protects you from poison.
Jewellery
 e - the amulet "Tasha" {Will+ Regen+ Int+7 SInv}
   (You found it on level 3 of the Crypt)

   [amulet of regeneration]

   Int:       It affects your intelligence (+7).
   SInv:      It lets you see invisible.
   Regen:     It increases your rate of health regeneration.
   Will:      It increases your willpower.
 f - the amulet "Usidgh Zumo" (around neck) {Reflect Will++ Str-3 Int+3 SH+5}
   (You found it on level 5 of the Vaults)

   [amulet of reflection]

   It reflects blocked missile attacks.
   Str:       It affects your strength (-3).
   Int:       It affects your intelligence (+3).
   SH:        It affects your SH (+5).
   Will:      It greatly increases your willpower.
 y - the ring of the Traitor (right hand) {rF++ Slay+3 SInv}
   (You bought it in a shop on level 3 of the Depths)

   [ring of see invisible]

   Slay:      It affects your accuracy & damage with ranged weapons and melee
   (+3).
   rF:        It greatly protects you from fire.
   SInv:      It lets you see invisible.
 B - a ring of see invisible
 C - a ring of flight
 V - a +4 ring of slaying (left hand)
Wands
 c - a wand of digging (9)
 j - a wand of light (3) (quivered)
 w - a wand of paralysis (88)
 W - a wand of iceblast (58)
Scrolls
 i - 17 scrolls of fog
 l - 4 scrolls of blinking
 o - 5 scrolls of silence
 p - 19 scrolls of teleportation
 z - 8 scrolls of magic mapping
 G - 9 scrolls of poison
 M - 3 scrolls of summoning
 R - 2 scrolls of torment
 X - 8 scrolls of fear
 Y - 4 scrolls of enchant armour
Potions
 g - 9 potions of attraction
 h - 2 potions of invisibility
 k - 3 potions of heal wounds
 n - 37 potions of curing
 q - 4 potions of ambrosia
 u - 4 potions of cancellation
 E - 6 potions of resistance
 J - 13 potions of flight
 K - a potion of might
Miscellaneous
 d - a condenser vane
 s - the horn of Geryon
 A - a box of beasts
 D - a lightning rod (4/4)
 N - a phial of floods (inert)
 Q - a phantom mirror
 U - a tin of tremorstones (2/2)


   Skills:
 + Level 21.9 Fighting
 - Level 18.0 Axes
 - Level 4.2 Throwing
 + Level 17.2 Armour
 + Level 17.2 Dodging
 - Level 15.0 Shields
 - Level 8.0 Spellcasting
 - Level 21.5 Translocations
 - Level 21.6 Evocations


You had 22 spell levels left.
You knew the following spells:

 Your Spells              Type           Power      Damage    Failure   Level
a - Apportation           Tloc           100%       N/A       1%          1
b - Blink                 Tloc           100%       N/A       1%          2
c - Lesser Beckoning      Tloc           60%        N/A       1%          3
d - Teleport Other        Tloc           60%        N/A       1%          3
e - Manifold Assault      Tloc           60%        N/A       1%          5
f - Dispersal             Tloc           30%        N/A       5%          6

Your spell library contained the following spells:

 Spells                   Type           Power      Damage    Failure   Level
 Gell's Gravitas          Tloc           60%        N/A       1%          3
 Passage of Golubria      Tloc           60%        N/A       1%          4
 Portal Projectile        Hex/Tloc       70%        N/A       9%          3
 Iskenderun's Mystic Bla  Conj/Tloc      35%        2d8       28%         4
 Summon Forest            Summ/Tloc      17%        N/A       61%         5
 Foxfire                  Conj/Fire      20%        2x1d5     93%         1
 Magic Dart               Conj           20%        1d4       93%         1
 Necrotise                Necr           20%        1d5       93%         1
 Sandblast                Erth           10%        2d5       93%         1
 Shock                    Conj/Air       20%        1d4       93%         1
 Call Imp                 Summ           5%         N/A       98%         2
 Ensorcelled Hibernation  Hex/Ice        10%        N/A       98%         2
 Passwall                 Tmut/Erth      4%         N/A       98%         2
 Poisonous Vapours        Pois/Air       10%        N/A       98%         2
 Searing Ray              Conj           10%        2d4       98%         2
 Static Discharge         Conj/Air       5%         3-4/arc   98%         2
 Call Canine Familiar     Summ           5%         N/A       100%        3
 Confusing Touch          Hex            5%         N/A       100%        3
 Dazzling Flash           Conj/Hex       10%        N/A       100%        3
 Mephitic Cloud           Conj/Pois/Air  5%         N/A       100%        3
 Stone Arrow              Conj/Erth      10%        3d7       100%        3
 Summon Guardian Golem    Hex/Summ       5%         N/A       100%        3
 Swiftness                Air            5%         N/A       100%        3
 Tukima's Dance           Hex            5%         N/A       100%        3
 Vampiric Draining        Necr           5%         2d6       100%        3
 Airstrike                Air            2%         0-2+      100%        4
 Anguish                  Hex/Necr       2%         N/A       100%        4
 Dispel Undead            Necr           5%         3d7       100%        4
 Flame Wave               Conj/Fire      5%         2d5       100%        4
 Fulminant Prism          Conj/Hex       2%         3d6       100%        4
 Hailstorm                Conj/Ice       5%         3d4       100%        4
 Leda's Liquefaction      Hex/Erth       2%         N/A       100%        4
 Petrify                  Tmut/Erth      5%         N/A       100%        4
 Sticky Flame             Conj/Fire      5%         2d3       100%        4
 Summon Lightning Spire   Summ/Air       5%         N/A       100%        4
 Agony                    Necr           5%         N/A       100%        5
 Alistair's Intoxication  Tmut/Pois      3%         N/A       100%        5
 Borgnjor's Vile Clutch   Necr/Erth      2%         N/A       100%        5
 Fireball                 Conj/Fire      2%         3d4       100%        5
 Freezing Cloud           Conj/Ice/Air   2%         6-21      100%        5
 Irradiate                Conj/Tmut      2%         3d12      100%        5
 Iskenderun's Battlesphe  Conj           5%         2d6       100%        5
 Lee's Rapid Deconstruct  Erth           2%         3d6*      100%        5
 Lightning Bolt           Conj/Air       2%         1d14      100%        5
 Metabolic Englaciation   Hex/Ice        2%         N/A       100%        5
 Silence                  Hex/Air        2%         N/A       100%        5
 Summon Mana Viper        Hex/Summ       5%         N/A       100%        5
 Yara's Violent Unravell  Hex/Tmut       2%         3d3       100%        5
 Conjure Ball Lightning   Conj/Air       2%         3x3d6     100%        6
 Death Channel            Necr           2%         N/A       100%        6
 Eringya's Noxious Bog    Tmut/Pois      2%         N/A       100%        6
 Iron Shot                Conj/Erth      2%         9d2       100%        6
 Starburst                Conj/Fire      2%         6d3       100%        6
 Haunt                    Necr/Summ      2%         N/A       100%        7
 Malign Gateway           Summ/Tloc      17%        N/A       100%        7
 Orb of Destruction       Conj           2%         9d5       100%        7
 Spellforged Servitor     Conj/Summ      2%         N/A       100%        7
 Summon Hydra             Summ           2%         N/A       100%        7
 Discord                  Hex            2%         N/A       100%        8
 Infestation              Necr           2%         N/A       100%        8
 Lehudib's Crystal Spear  Conj/Erth      2%         10d2      100%        8
 Maxwell's Capacitive Co  Air            2%         ∞         100%        8
 Summon Horrible Things   Summ           2%         N/A       100%        8
 Polar Vortex             Ice            2%         N/A       100%        9
 Sublimation of Blood     Necr           Unusable   N/A       N/A         2
 Spider Form              Tmut/Pois      Unusable   N/A       N/A         3
 Animate Dead             Necr           Unusable   N/A       N/A         4
 Corpse Rot               Necr/Pois/Air  Unusable   N/A       N/A         4
 Ice Form                 Ice/Tmut       Unusable   N/A       N/A         4
 Blade Hands              Tmut           Unusable   N/A       N/A         5
 Simulacrum               Ice/Necr       Unusable   N/A       N/A         6
 Statue Form              Tmut/Erth      Unusable   N/A       N/A         6
 Storm Form               Tmut/Air       Unusable   N/A       N/A         7

Dungeon Overview and Level Annotations

Branches:
Dungeon (15/15)            Temple (1/1) D:7            Lair (5/5) D:11
  Swamp (4/4) Lair:2        Snake (4/4) Lair:3        Slime (5/5) Lair:4
    Orc (2/2) D:12            Elf (3/3) Orc:2        Vaults (5/5) D:13
  Crypt (3/3) Vaults:3       Tomb (0/3) Crypt:3      Depths (4/4) D:15
   Hell (visited)             Dis (0/7) Hell            Geh (0/7) Hell
    Coc (0/7) Hell            Tar (0/7) Hell            Zot (5/5) Depths:4
  IceCv (visited)

Altars:
Ashenzari
Cheibriados
Dithmenos
Gozag
Hepliaklqana
Makhleb
Nemelex Xobeh
Okawaru
Qazlal
Sif Muna
Uskayaw
Vehumet
Xom
Yredelemnul
Jiyva
Lugonu

Shops:
D:10 *   D:12 ?!   D:14 (   Orc:2 *![:   Elf:2 =   Snake:2 (   Vaults:1 [=((
Vaults:3 [   Vaults:4 [   Zot:4 ?   Zot:5 !   Depths:1 =   Depths:3 =*
Depths:4 =

Portals:
Hell: Depths:1 Depths:2 Depths:3 Depths:4
Abyss: Lair:5 Depths:1 Depths:2 Depths:3
Pandemonium: Orc:2 Depths:2
Ziggurat: Depths:3

Annotations:
Lair:4 digging
Swamp:3 1 runed translucent door, pigah's ghost, adept OpAE
Snake:1 1 transporter
Zot:2 1 runed translucent door, Ofiett's ghost, veteran TrCK


Innate Abilities, Weirdness & Mutations

You are immune to poison.
You have sharp fingernails.
Your flesh is cold resistant. (rC+)
You are immune to negative energy. (rN+++)
You do not regenerate when monsters are visible.
You are immune to unholy pain and torment.
You thrive by killing the living.


Message History

The Hell Sentinel hits you!
* * * LOW HITPOINT WARNING * * *
The demonspawn warmonger hits you but does no damage.
The demonspawn warmonger claws you but does no damage.
You block the demonspawn warmonger's attack.
The demonspawn warmonger hits you with a +2 double sword!
* * * LOW HITPOINT WARNING * * *
The demonspawn warmonger barely misses you.
The demonspawn warmonger gores you but does no damage.
Aim the phial where?
Press: ? - help, Shift-Dir - straight line, f - demonspawn warmonger
Aim: a demonspawn warmonger, wielding a +2 demon whip of venom, wearing a +0 plate armour and quivering stones (fast)
The torrent of water hits the demonspawn warmonger!!!
The demonspawn warmonger is moderately wounded.
The demonspawn warmonger is knocked back by the torrent of water.
The demonspawn warmonger collides with the reaper!
The reaper is lightly wounded.
The demonspawn warmonger is moderately wounded.
The wave splashes down.
Splash!
You fall into the shallow water.
Moving in this stuff is going to be slow.
The reaper is engulfed in water. x2; The ice devil is engulfed in water.
The demonspawn warmonger is engulfed in water. x3
The Hell Sentinel is engulfed in water.
You hear a hideous shriek! x2; You hear a shout! x3
You block the demonspawn warmonger's attack. x2
The demonspawn warmonger closely misses you.
An orange demon comes into view.
You block the Hell Sentinel's attack. The Hell Sentinel closely misses you.
The reaper hits you but does no damage.
The demonspawn warmonger splashes around in the water.
The demonspawn warmonger misses you. The demonspawn warmonger gores you!
* * * LOW HITPOINT WARNING * * *
Fiucorecs comes into view.
The demonspawn warmonger is distracted by your dazzling golden aura.
The Hell Sentinel gestures at you.
The sphere of damnation explodes!
The damnation engulfs you!!!
You die...
Your body crumbles into a pile of gold.

... .... 444.##
$ ....3.#####
....22≈≈≈.##
#242≈≈∩.#
###666..##
##1##..#
#≈@#..#
#...'#.#..#
#....#.#..#
#....#....####
###..#........
.
##.#.##..####.#
'##.##&.##./. .
#.##.....
##$.#..###


You could see a Hell Sentinel (unsilenced, waterlogged), 2 demonspawn
warmongers, a cacodemon, 2 reapers, a blizzard demon, 2 orange demons, an ice
devil (waterlogged) and a sixfirhy.

Vanquished Creatures
  the Royal Jelly (Slime:5)
  4 ancient liches (Zot:5)
  2 dread liches
  5 orbs of fire
  A juggernaut (Depths:3)
  Boris (Crypt:2)
  Saint Roka (Crypt:2)
  5 Killer Klowns
  Vashnia (Snake:2)
  Bai Suzhen (Crypt:2)
  A curse toe (Zot:2)
  3 caustic shrikes
  9 golden dragons
  A profane servitor (Abyss:2)
  3 bone dragons (Depths:4)
  4 electric golems
  26 tentacled monstrosities
  Rupert (D:13)
  24 Orb Guardians (Zot:5)
  Jorgrun (Orc:1)
  4 liches
  A walking frostbound tome (Depths:3)
  5 quicksilver dragons
  2 deep elf master archers (Elf:3)
  Frances (D:14)
  2 deep elf blademasters (Elf:3)
  16 acid blobs
  6 Executioners
  3 sphinxes
  A titan (Depths:2)
  A tentacled starspawn (Abyss:2)
  4 ancient champions
  Kirke (D:15)
  8 shadow dragons
  3 death cobs
  5 tengu reavers
  A thorn hunter (Swamp:4)
  7 revenants
  16 storm dragons
  Donald (Swamp:4)
  4 draconian monks
  6 nagarajas
  6 fire giants
  2 fenstrider witches (Swamp:3)
  15 vault wardens
  5 iron dragons
  8 deep elf sorcerers
  7 azure jellies
  8 frost giants
  3 orc warlords
  5 rockslimes
  4 draconian shifters
  Louise (Depths:2)
  2 balrugs
  A caustic shrike zombie (Hell)
  5 draconian scorchers
  6 cacodemons
  5 draconian knights
  2 juggernaut zombies
  Aizul (Snake:1)
  7 ghouls
  3 deep elf elementalists
  3 curse skulls
  6 reapers
  3 spriggan defenders
  4 ghost moths
  3 draconian stormcallers
  28 very ugly things
  15 ironbound preservers
  10 quicksilver oozes
  3 draconian annihilators
  7 ironbound thunderhulks
  13 stone giants
  6 vampire knights
  A juggernaut skeleton (Crypt:3)
  Nessos (D:13)
  An elemental wellspring (Hell)
  A lorocyproca (Pan)
  2 war gargoyles (Hell)
  4 bunyips
  14 green draconians
  12 black draconians
  10 starcursed masses
  4 deep elf demonologists
  6 eleionomae
  7 spark wasps
  6 white draconians
  14 yellow draconians
  13 deep elf annihilators
  A wendigo (Hell)
  2 dire elephants (Vaults:3)
  An entropy weaver (Vaults:2)
  7 purple draconians
  13 ettins
  2 blizzard demons (Hell)
  15 red draconians
  6 eidola
  Snorg (D:14)
  3 merfolk javelineers (Depths:1)
  14 fire dragons
  A merfolk impaler (Depths:1)
  11 deep elf death magi
  Josephine (D:13)
  10 great orbs of eyes
  5 rakshasas
  A crystal guardian (Vaults:3)
  21 jiangshi
  10 yaktaur captains
  A quicksilver dragon zombie (Hell)
  2 spectral spriggans (Crypt:3)
  4 deep elf high priests
  3 peacekeepers
  23 vault guards
  13 ice dragons
  A juggernaut simulacrum (Hell)
  2 fenstrider witch zombies
  16 hydras
  A hell beast (Depths:1)
  4 spriggan air magi
  3 salamander tyrants
  10 boulder beetles
  8 ironbound frosthearts
  2 ogre magi
  3 ghost crabs
  7 centaur warriors
  3 catoblepae
  6 anacondas
  An anaconda (shapeshifter) (Vaults:5)
  6 two-headed ogres
  A death knight (D:13)
  3 demonspawn (Orc:2)
  A two-headed ogre (shapeshifter) (Vaults:5)
  6 alligators
  9 tengu warriors
  10 deep troll earth magi
  8 naga warriors
  A spectral stone giant (Crypt:3)
  A bennu skeleton (Crypt:1)
  A fenstrider witch skeleton (Crypt:1)
  9 deep troll shamans
  A hell hog (Depths:1)
  A spectral naga (Crypt:3)
  Urug (D:11)
  4 death yaks (Lair:3)
  34 dancing weapons
  7 vampire magi
  2 titan zombies
  A shock serpent (shapeshifter) (Vaults:4)
  A spectral dire elephant (Crypt:3)
  9 orc high priests
  9 spriggan berserkers
  16 thrashing horrors
  6 hell knights
  4 shock serpents
  16 naga sharpshooters
  31 deep elf knights
  26 sun demons
  18 soul eaters
  9 shadow wraiths (Crypt:3)
  A fire crab (shapeshifter) (D:14)
  9 iron trolls
  A titan skeleton (Abyss:1)
  2 wretched stars
  5 salamander mystics
  7 sixfirhies
  A golden dragon zombie (Hell)
  6 glowing orange brains
  50 deep trolls
  5 goliath frogs
  2 quicksilver dragon simulacra (Hell)
  19 skeletal warriors
  5 spriggan druids
  6 lindwurms
  3 flayed ghosts
  19 deep elf archers
  9 sea snakes (Snake:3)
  An entropy weaver zombie (Crypt:2)
  A spectral hydra (Crypt:3)
  A tengu zombie (Vaults:3)
  3 harpies
  6 naga ritualists
  2 deep trolls (shapeshifter)
  3 bog bodies
  3 shadow dragon zombies
  5 swamp dragons
  12 orc knights
  11 ironbound convokers
  33 phantasmal warriors
  2 frost giant zombies (Hell)
  A golden dragon skeleton (Depths:1)
  9 necromancers
  4 wizards
  A wolf spider zombie (Crypt:3)
  A mana viper (shapeshifter) (Depths:3)
  A human zombie (Vaults:2)
  A wolf spider (D:15)
  27 deep elf pyromancers
  36 deep elf zephyrmancers
  2 fenstrider witch simulacra (Hell)
  5 shining eyes
  8 cyclopes
  An iron dragon zombie (Crypt:2)
  6 orc sorcerers
  5 mana vipers
  A faun (shapeshifter) (Vaults:5)
  23 salamanders
  A draconian zombie (Crypt:1)
  9 elephants (Lair:5)
  A manticore (shapeshifter) (Depths:2)
  22 moths of wrath
  2 fire giant zombies (Hell)
  10 manticores
  18 ugly things
  2 centaur zombies (Hell)
  A spectral ettin (Crypt:3)
  3 will-o-the-wisps
  A tengu skeleton (Depths:1)
  A worldbinder (Abyss:4)
  An apocalypse crab (Abyss:4)
  3 eleionoma skeletons
  2 guardian serpents (shapeshifter)
  A water nymph (shapeshifter) (Depths:3)
  5 eyes of devastation
  2 ice statues (IceCv)
  17 naga magi
  10 smoke demons
  A guardian serpent (Elf:2)
  A stone giant skeleton (Crypt:2)
  15 rust devils
  6 orange demons
  3 gargoyles
  31 black mambas
  8 cane toads
  19 vault sentinels
  A sea snake zombie (Crypt:3)
  A white draconian zombie (Crypt:3)
  2 dire elephant skeletons
  2 kobold demonologists (D:11)
  Maggie (D:8)
  A rime drake (shapeshifter) (D:12)
  5 rime drakes
  2 yaktaurs (shapeshifter)
  3 hellions
  13 freezing wraiths
  A grey draconian zombie (Crypt:3)
  A tengu conjurer (Depths:1)
  An unseen horror (D:12)
  31 yaktaurs
  8 ice devils
  2 harpy zombies
  8 komodo dragons
  4 hellwings
  4 red devils
  2 spriggan skeletons
  9 guardian mummies
  2 bunyip simulacra
  A silent spectre (Crypt:1)
  31 large abominations
  7 tyrant leeches
  2 bloated husks
  2 ancient zymes
  A harpy skeleton (Hell)
  3 polar bears (D:12)
  A spectral harpy (Crypt:3)
  7 trolls
  A mana viper skeleton (Crypt:1)
  A stone giant simulacrum (Hell)
  A tarantella (shapeshifter) (Elf:2)
  11 hornets
  An ettin zombie (Hell)
  An ice dragon zombie (Crypt:1)
  81 slime creatures
  2 spriggan zombies (Hell)
  22 blink frogs
  5 raiju
  11 flying skulls
  5 air elementals (Elf:1)
  A slime creature zombie (Crypt:2)
  15 wraiths
  12 spriggans
  A centaur simulacrum (D:14)
  56 yaks
  19 water elementals
  5 ynoxinuls
  12 shadows
  5 fire elementals
  3 hogs (D:15)
  2 vampires
  4 fire bats (Abyss:2)
  14 golden eyes
  6 chaos spawn
  4 wyverns
  2 redbacks (Vaults:2)
  10 vampire mosquitoes
  33 small abominations
  5 swamp worm simulacra (Swamp:4)
  A death yak simulacrum (IceCv)
  A minotaur simulacrum (Hell)
  6 basilisks
  3 neqoxecs
  5 harpy simulacra
  34 nagas
  3 naga zombies
  19 swamp worms
  3 glowing shapeshifter zombies
  2 acid dragons (D:11)
  21 water moccasins
  11 hydra simulacra (Swamp:4)
  A two-headed ogre skeleton (Crypt:1)
  3 wargs
  7 hell hounds
  A floating eye (Elf:1)
  37 orc warriors
  A swamp dragon zombie (Crypt:1)
  A sky beast (D:7)
  3 black bears
  6 ice beasts
  A swamp drake (Swamp:3)
  A sky beast (shapeshifter) (Vaults:5)
  A manticore zombie (Crypt:3)
  7 ogres
  7 wolves
  A blink frog zombie (Crypt:1)
  2 shining eye zombies
  16 centaurs
  2 phantoms
  5 kobold brigands
  2 gnoll sergeants
  8 two-headed ogre simulacra
  5 earth elementals
  7 necrophages
  19 bullfrogs
  3 cane toad simulacra
  A scorpion (D:4)
  A yaktaur skeleton (Crypt:2)
  A wyvern skeleton (Crypt:2)
  10 killer bees
  2 elephant simulacra (IceCv)
  8 electric eels
  2 howler monkeys
  A howler monkey (shapeshifter) (Vaults:5)
  A polar bear skeleton (Crypt:3)
  11 hounds
  18 orc priests
  3 gnoll boudas
  3 jellies (D:5)
  Jessica (D:3)
  Natasha (thrice) (D:2)
  4 iguanas
  17 orc wizards
  13 hell rats
  2 troll simulacra
  A wolf simulacrum (IceCv)
  7 spriggan simulacra
  11 mummies
  Robin (D:2)
  20 gnolls
  8 adders
  4 naga simulacra
  A shadow imp (D:5)
  10 white imps
  3 swamp drake simulacra (Swamp:4)
  5 ufetubi
  A worm (D:3)
  2 dart slugs
  81 orcs
  10 ball pythons
  12 endoplasms
  2 giant cockroaches
  13 goblins
  10 hobgoblins
  7 jackals (D:4)
  2 quokkas
  A ball python skeleton (Crypt:2)
  11 bats
  12 frilled lizards
  32 kobolds
  7 rats
  4 briar patches (Swamp:4)
  3 fire vortices (Hell)
  A starspawn tentacle (Abyss:4)
2687 creatures vanquished.

Vanquished Creatures (collateral kills)
  Geryon (Hell)
  A draconian knight (Zot:5)
  A vault warden (Vaults:2)
  A reaper (Hell)
  A war gargoyle (Vaults:3)
  2 yellow draconians (Zot:5)
  A red draconian (Zot:5)
  A dire elephant (Vaults:3)
  2 yaktaur captains
  A hydra (D:9)
  A vampire mage (Hell)
  An ironbound convoker (Vaults:3)
  A necromancer (Vaults:3)
  A lindwurm (Vaults:2)
  A sphinx zombie (Vaults:2)
  An ugly thing (Vaults:5)
  A human skeleton (Vaults:3)
  A frost giant skeleton (Vaults:3)
  A yaktaur zombie (Vaults:2)
  A yaktaur (Vaults:2)
  A glowing shapeshifter zombie (Vaults:3)
  A naga (Snake:4)
24 creatures vanquished.

Vanquished Creatures (others)
  An ancient lich (Zot:5)
  A golden dragon (Vaults:5)
  2 liches
  3 tentacled monstrosities (Vaults:5)
  An Orb Guardian (Zot:5)
  2 titans (Vaults:5)
  A tengu reaver (Vaults:5)
  A fire giant (Depths:2)
  A deep elf sorcerer (Vaults:5)
  3 vault wardens (Vaults:5)
  A ghost moth (Zot:5)
  A frost giant (Vaults:5)
  A war gargoyle (Vaults:5)
  5 ironbound preservers (Vaults:5)
  3 stone giants (Vaults:5)
  An eleionoma (Swamp:2)
  A deep elf annihilator (Vaults:5)
  A red draconian (Zot:5)
  4 ettins (Vaults:5)
  A jiangshi (Depths:2)
  A green death (Pan)
  4 yaktaur captains (Vaults:5)
  5 vault guards (Vaults:5)
  An ogre mage (Vaults:5)
  A ghost crab (Swamp:4)
  A spriggan air mage (Crypt:1)
  A hell knight (Vaults:5)
  4 deep elf knights
  A phantasmal warrior (Vaults:5)
  A harpy (Elf:2)
  A deep elf pyromancer (Vaults:5)
  2 deep elf zephyrmancers
  A necromancer (Crypt:1)
  An ironbound convoker (Vaults:5)
  A manticore (Elf:2)
  A vault sentinel (Vaults:5)
  A yaktaur (Vaults:5)
  A freezing wraith (Vaults:5)
  4 bloated husks
  A tyrant leech (Swamp:1)
  A dream sheep (shapeshifter) (Vaults:5)
  A human (Crypt:1)
  3 swamp worms (Swamp:4)
  A hydra simulacrum (Swamp:4)
  A kobold (D:9)
  12 demonic plants (D:13)
  A fire vortex (Hell)
  14 foxfires
  11 fungi
  138 plants
  5 starspawn tentacles
257 creatures vanquished.

Grand Total: 2968 creatures vanquished

Notes
Turn   | Place    | Note
-------+----------+-------------------------------------------
     0 | D:1      | MisterPants the Ghoul Fighter began the quest for the Orb.
     0 | D:1      | Reached XP level 1. HP: 19/19 MP: 0/0
   103 | D:1      | Reached XP level 2. HP: 22/26 MP: 1/1
   212 | D:2      | Noticed Robin
   242 | D:1      | Reached XP level 3. HP: 15/31 MP: 2/2
   541 | D:2      | Killed Robin
   542 | D:2      | Reached skill level 1 in Dodging
   686 | D:1      | Found a faded altar of an unknown god.
   716 | D:1      | Found a faded altar of an unknown god.
   864 | D:1      | Reached XP level 4. HP: 40/40 MP: 3/3
  1319 | D:2      | Noticed Natasha
  1327 | D:2      | Killed Natasha
  1430 | D:2      | Noticed Natasha
  1441 | D:2      | Killed Natasha
  1442 | D:2      | Reached XP level 5. HP: 46/46 MP: 4/4
  1480 | D:2      | Noticed Natasha
  1495 | D:2      | Killed Natasha
  1624 | D:3      | Found a transporter.
  1953 | D:3      | Reached XP level 6. HP: 53/53 MP: 5/5
  1956 | D:3      | Found a transporter.
  2593 | D:3      | Found a broken altar of Ashenzari.
  2598 | D:3      | Found a hazy altar of Hepliaklqana.
  2641 | D:3      | Noticed Jessica
  2646 | D:3      | Killed Jessica
  3037 | D:5      | Entered Level 5 of the Dungeon
  3092 | D:4      | Reached XP level 7. HP: 60/60 MP: 6/6
  3127 | D:5      | Found a large runed translucent door.
  3127 | D:5      | Found a large runed translucent door.
  3705 | D:5      | Reached skill level 5 in Fighting
  3721 | D:5      | Reached skill level 5 in Axes
  3947 | D:5      | Found a basalt altar of Yredelemnul.
  3981 | D:5      | Reached XP level 8. HP: 59/69 MP: 7/7
  5170 | D:5      | Reached XP level 9. HP: 79/79 MP: 8/8
  5177 | D:5      | Found a shadowy altar of Dithmenos.
  5194 | D:5      | Found a burning altar of Makhleb.
  5804 | D:6      | Identified a scroll of acquirement
  5804 | D:6      | Acquired the +1 kite shield of Riristra {Str+6 Dex+4}
  6205 | D:7      | Reached skill level 5 in Shields
  6518 | D:8      | Noticed a hornet
  6526 | D:8      | Killed a hornet
  6708 | D:8      | Reached XP level 10. HP: 13/90 MP: 9/9
  7067 | D:7      | Found a sparkling altar of Nemelex Xobeh.
  7159 | D:7      | Found a shimmering altar of Xom.
  7231 | D:7      | Found a staircase to the Ecumenical Temple.
  7241 | Temple   | Entered the Ecumenical Temple
  7251 | Temple   | Became a worshipper of Gozag Ym Sagoz the Greedy
  7720 | D:8      | Noticed Maggie
  7721 | D:8      | Noticed a two-headed ogre
  7769 | D:8      | Killed Maggie
  7991 | D:8      | Killed a two-headed ogre
  8386 | D:8      | Found a radiant altar of Vehumet.
  8656 | D:9      | Got Isutse's Handbook of Cursed Convocation
  8686 | D:9      | Noticed a two-headed ogre
  8693 | D:9      | Killed a two-headed ogre
  8867 | D:10     | Entered Level 10 of the Dungeon
  8978 | D:9      | Reached XP level 11. HP: 97/97 MP: 10/10
  9143 | D:9      | Noticed a manticore
  9179 | D:9      | Killed a manticore
  9200 | D:9      | Reached skill level 10 in Axes
  9469 | D:9      | Noticed a six-headed hydra
  9469 | D:9      | Noticed a boulder beetle
  9548 | D:9      | Killed a boulder beetle
  9549 | D:9      | Reached skill level 10 in Fighting
  9549 | D:9      | Reached skill level 10 in Shields
  9572 | D:9      | Killed a six-headed hydra
  9593 | D:9      | Identified the +10 storm dragon scales "Put-Me-On" {rElec
                  | rF+}
  9961 | D:10     | Found an iron altar of Okawaru.
 10158 | D:10     | Noticed a two-headed ogre
 10171 | D:10     | Killed a two-headed ogre
 10210 | D:10     | Found a stormy altar of Qazlal.
 10239 | D:10     | Acquired a +2 cloak of preservation
 10273 | D:10     | Noticed a two-headed ogre
 10289 | D:10     | Killed a two-headed ogre
 10628 | D:10     | Found Jeimer Upy's Assorted Antiques.
 10635 | D:10     | Bought a potion of heal wounds for 150 gold pieces
 10635 | D:10     | Bought a scroll of identify for 60 gold pieces
 10635 | D:10     | Bought a scroll of identify for 60 gold pieces
 10741 | D:10     | Reached XP level 12. HP: 110/110 MP: 11/11
 10889 | D:10     | Identified the +2 hand axe "Zieran" {flame, rElec rC+}
 11428 | D:11     | Noticed a boulder beetle
 11481 | D:11     | Killed a boulder beetle
 11721 | D:11     | Found a staircase to the Lair.
 11947 | D:12     | Noticed an eight-headed hydra
 12070 | D:12     | Killed a one-headed hydra
 12270 | D:12     | Found a staircase to the Orcish Mines.
 12783 | D:12     | Noticed Urug
 12834 | D:11     | Killed Urug
 13212 | D:12     | Noticed a boulder beetle
 13239 | D:12     | Killed a boulder beetle
 13240 | D:12     | Reached XP level 13. HP: 119/119 MP: 12/12
 13561 | D:12     | Found a flickering gateway to a bazaar.
 13593 | Bazaar   | Entered a bazaar
 13593 | Bazaar   | Found Amaadaesh's Jewellery Shoppe.
 13707 | Bazaar   | Found Plog's Antique Weapon Emporium.
 13710 | Bazaar   | Found Yzeagh's Distillery.
 13717 | Bazaar   | Found Dusaeposk's Distillery.
 13725 | Bazaar   | Found Dinoin's Antique Armour Shop.
 13733 | Bazaar   | Bought a pair of smouldering boots for 313 gold pieces
 13733 | Bazaar   | Identified the +1 pair of boots of the Other Side {rPois}
                  | (You bought it in a shop in a bazaar)
 13773 | Bazaar   | Bought a +4 ring of slaying for 624 gold pieces
 13805 | Bazaar   | Bought a potion of resistance for 140 gold pieces
 13805 | Bazaar   | Bought 2 potions of curing for 84 gold pieces
 13805 | Bazaar   | Bought a potion of flight for 42 gold pieces
 13805 | Bazaar   | Bought a potion of flight for 42 gold pieces
 13805 | Bazaar   | Bought a potion of might for 56 gold pieces
 13817 | Bazaar   | Bought a potion of might for 68 gold pieces
 14331 | D:11     | You fall into a shaft and drop 1 floor!
 14977 | Lair:1   | Entered Level 1 of the Lair of Beasts
 15853 | Lair:2   | Found a staircase to the Swamp.
 16781 | Lair:3   | Reached XP level 14. HP: 116/132 MP: 13/13
 17302 | Lair:3   | Found a staircase to the Snake Pit.
 17943 | Lair:5   | Entered Level 5 of the Lair of Beasts
 18139 | Lair:4   | Found a hide-covered altar of Uskayaw.
 18276 | Lair:4   | Found a runed translucent door.
 18320 | Lair:4   | Reached skill level 15 in Fighting
 18914 | Lair:4   | Found a staircase to the Slime Pits.
 19773 | Lair:5   | Reached skill level 15 in Axes
 20008 | Lair:5   | Found a corrupted altar of Lugonu.
 20008 | Lair:5   | Found a one-way gate to the infinite horrors of the Abyss.
 20826 | D:13     | Noticed Nessos
 20852 | D:12     | Reached XP level 15. HP: 119/141 MP: 14/14
 21147 | D:13     | Noticed Josephine
 21169 | D:13     | Killed Josephine
 21170 | D:13     | Killed Nessos
 21377 | D:13     | Noticed Rupert
 21399 | D:13     | Killed Rupert
 22025 | D:14     | Noticed Frances
 22042 | D:14     | Killed Frances
 22417 | D:13     | Identified the +9 scale mail of Bisetsemeg {rCorr Str+5
                  | Dex+2}
 23018 | D:13     | Found a gate to the Vaults.
 23794 | D:14     | Noticed Snorg
 23818 | D:14     | Killed Snorg
 24159 | D:14     | Bought a glowing war axe for 208 gold pieces
 24164 | D:15     | Entered Level 15 of the Dungeon
 25045 | D:15     | Found a runed translucent door.
 25112 | D:15     | Noticed a fire giant
 25118 | D:15     | Killed a fire giant
 25297 | D:15     | Noticed Kirke
 25307 | D:15     | Killed Kirke
 25308 | D:15     | Reached XP level 16. HP: 149/149 MP: 15/15
 25608 | D:15     | Found a shadowy altar of Dithmenos.
 26202 | D:15     | Found a staircase to the Depths.
 26360 | Orc:1    | Entered Level 1 of the Orcish Mines
 26383 | Orc:1    | Reached skill level 5 in Armour
 26440 | Orc:1    | Noticed Jorgrun
 26443 | Orc:1    | Reached skill level 5 in Dodging
 26454 | Orc:1    | Killed Jorgrun
 26796 | Orc:2    | Entered Level 2 of the Orcish Mines
 26920 | Orc:2    | Reached skill level 1 in Evocations
 27086 | Orc:2    | Found a staircase to the Elven Halls.
 27326 | Orc:2    | Found a frozen archway.
 27349 | IceCv    | Entered an ice cave
 28294 | Orc:2    | Found Bihyleoche's General Store.
 28295 | Orc:2    | Found Gulibuow's Distillery.
 28399 | Orc:2    | Bought a +4 ring of slaying for 936 gold pieces
 28404 | Orc:2    | Bought a potion of heal wounds for 60 gold pieces
 28404 | Orc:2    | Bought a potion of might for 48 gold pieces
 28404 | Orc:2    | Bought a potion of curing for 36 gold pieces
 28404 | Orc:2    | Bought a potion of curing for 36 gold pieces
 28404 | Orc:2    | Bought a potion of curing for 36 gold pieces
 28404 | Orc:2    | Bought a potion of flight for 36 gold pieces
 28644 | Orc:1    | Reached skill level 5 in Evocations
 29741 | Orc:2    | Found Xon Itybb's Antique Armour Shop.
 29741 | Orc:2    | Found Salluyny's Book Boutique.
 29742 | Orc:2    | Found a one-way gate leading to the halls of Pandemonium.
 29744 | Orc:2    | Bought a jewelled plate armour for 672 gold pieces
 29744 | Orc:2    | Identified the +8 plate armour "Tipyhuem" {SInv} (You
                  | bought it in a shop on level 2 of the Orcish Mines)
 29744 | Orc:2    | Bought a runed tower shield for 180 gold pieces
 29936 | Snake:1  | Entered Level 1 of the Snake Pit
 30077 | Snake:1  | Noticed a nagaraja
 30078 | Snake:1  | Found a transporter.
 30083 | Snake:1  | Found a shimmering blue altar of Sif Muna.
 30359 | Snake:1  | Noticed Aizul
 30375 | Snake:1  | Killed Aizul
 30415 | Snake:1  | Reached XP level 17. HP: 144/156 MP: 16/16
 30583 | Snake:1  | Identified the +6 great sword of Icap Jips {flame, *Slow
                  | Int+7}
 31015 | Snake:2  | Found Agecsis's Weapon Shoppe.
 31334 | Snake:2  | Reached skill level 10 in Evocations
 31971 | Snake:2  | Noticed Vashnia
 32016 | Snake:2  | Killed Vashnia
 33041 | Snake:4  | Entered Level 4 of the Snake Pit
 34945 | Snake:4  | Found the +15 Maxwell's patent armour {-Cast -Tele rElec
                  | Will+ rCorr}
 34968 | Snake:4  | Reached XP level 18. HP: 129/163 MP: 17/17
 35647 | Snake:4  | Got a serpentine rune of Zot
 36087 | Swamp:1  | Entered Level 1 of the Swamp
 38845 | Swamp:4  | Entered Level 4 of the Swamp
 38877 | Swamp:3  | Found a runed translucent door.
 39003 | Swamp:3  | Found a shimmering altar of Xom.
 39003 | Swamp:3  | Noticed pigah's ghost (adept OpAE)
 39004 | Swamp:3  | Identified the +8 battleaxe "Hawkemo" {chaos, rN+ Will+
                  | Dex+3}
 39957 | Swamp:4  | Noticed Donald
 39975 | Swamp:4  | Killed Donald
 40524 | Swamp:4  | Reached XP level 19. HP: 170/170 MP: 15/18
 41073 | Swamp:4  | Got a decaying rune of Zot
 41284 | Vaults:1 | Entered Level 1 of the Vaults
 41645 | Vaults:1 | Found Reunwimn's Antique Armour Emporium.
 41898 | Vaults:1 | Found Ceidesog's Jewellery Shop.
 42761 | Vaults:1 | Identified the +6 quarterstaff of Pandemonium {venom, rC+
                  | Will+ MP-9 Stlth+}
 43333 | Vaults:1 | Found Ciaz's Weapon Emporium.
 43498 | Vaults:1 | Reached skill level 10 in Armour
 43503 | Vaults:1 | Found Buar's Antique Weapon Emporium.
 43536 | Vaults:1 | Reached skill level 10 in Dodging
 45392 | Vaults:2 | Got Sif Muna's Textbook on Torrid Toxins
 45994 | Vaults:2 | Reached XP level 20. HP: 166/178 MP: 2/19
 46354 | Vaults:3 | Found a staircase to the Crypt.
 46817 | Vaults:3 | Found Maanol's Antique Armour Boutique.
 48109 | Vaults:4 | Reached skill level 15 in Evocations
 49295 | Vaults:4 | Found Qeeci's Antique Armour Emporium.
 49457 | Vaults:5 | Entered Level 5 of the Vaults
 50444 | Depths:1 | Entered Level 1 of the Depths
 50487 | Depths:1 | Paralysed by a great orb of eyes for 5 turns
 50748 | Depths:1 | Found a gateway to Hell.
 51004 | Depths:2 | Found a flickering gateway to a bazaar.
 51029 | Depths:2 | Reached XP level 21. HP: 159/190 MP: 0/20
 51053 | Bazaar   | Entered a bazaar
 51053 | Bazaar   | Found Edauq's Assorted Antiques.
 51149 | Bazaar   | Found Lezxusamyx's Assorted Antiques.
 51151 | Bazaar   | Bought a scroll of teleportation for 42 gold pieces
 51151 | Bazaar   | Bought a potion of curing for 42 gold pieces
 51151 | Bazaar   | Bought a wand of paralysis (4) for 134 gold pieces
 51157 | Bazaar   | Bought a phial of floods for 760 gold pieces
 51157 | Bazaar   | Bought a scroll of magic mapping for 142 gold pieces
 51157 | Bazaar   | Bought a wand of iceblast (6) for 273 gold pieces
 51161 | Bazaar   | Found Saudakil's Armour Emporium.
 51171 | Bazaar   | Found Enezxaum's General Store.
 51179 | Bazaar   | Bought a potion of curing for 33 gold pieces
 51179 | Bazaar   | Bought a wand of iceblast (6) for 158 gold pieces
 51719 | Depths:1 | Found Pot Qeel's Jewellery Shop.
 52896 | Depths:2 | Reached XP level 22. HP: 201/201 MP: 21/21
 53669 | Depths:2 | Noticed a caustic shrike
 53680 | Depths:2 | Killed a caustic shrike
 53705 | Depths:2 | Noticed Louise
 54399 | Depths:2 | Paralysed by a vampire knight for 3 turns
 54726 | Depths:2 | Killed Louise
 55293 | Depths:3 | Reached XP level 23. HP: 168/213 MP: 14/22
 56175 | Depths:4 | Entered Level 4 of the Depths
 56439 | Depths:3 | Found a one-way gateway to a ziggurat.
 56466 | Depths:3 | Found Gonadgh's Jewellery Boutique.
 56721 | Depths:3 | Bought the ring of the Traitor {rF++ Slay+3 SInv} for 729
                  | gold pieces
 56820 | Depths:3 | Noticed a juggernaut
 56832 | Depths:3 | Killed a juggernaut
 56922 | Depths:3 | Identified the +9 short sword of Xoifib {spect, rCorr}
 57024 | Depths:3 | Identified the +10 mace "Xuzxenal" {holy, rCorr Str+6
                  | Stlth-}
 57066 | Depths:3 | Identified the +2 helmet "Syil Qyrgh" {Str+2}
 57080 | Depths:3 | Got the Lessons on the Flock and Damage Dealing
 57272 | Depths:3 | Found Zijieg's Overcharged Wands.
 57306 | Depths:3 | Bought a wand of paralysis (18) for 648 gold pieces
 57306 | Depths:3 | Bought a wand of paralysis (18) for 648 gold pieces
 57306 | Depths:3 | Bought a wand of iceblast (18) for 648 gold pieces
 57639 | Depths:4 | Found Durimmot's Jewellery Shoppe.
 59606 | Depths:4 | Noticed a caustic shrike
 59607 | Depths:4 | Noticed a caustic shrike
 59608 | Depths:4 | Found a basalt altar of Yredelemnul.
 59613 | Depths:4 | Killed a caustic shrike
 59640 | Depths:4 | Killed a caustic shrike
 59914 | Depths:4 | Found a gate to the Realm of Zot.
 60529 | Vaults:5 | Killed a golden dragon
 60590 | Vaults:5 | Identified the ring of Haggata {rElec rPois Will+ Dex-5}
 60613 | Vaults:5 | Identified the ring "Vatseoru" {rC+ rN+}
 60623 | Vaults:5 | Identified the amulet "Usidgh Zumo" {Reflect Will++ Str-3
                  | Int+3 SH+5}
 60660 | Vaults:5 | Paralysed by a floating eye for 4 turns
 60763 | Vaults:5 | Reached XP level 24. HP: 81/228 MP: 0/22
 62628 | Vaults:5 | Identified the +1 helmet "Ydwoaf" {Rampage rElec rCorr
                  | Int+2}
 62643 | Vaults:5 | Identified the +2 rapier of the Wheel {vorpal, Str+3}
 62694 | Vaults:5 | Identified the +0 ring mail of the Saviour {Str+4 Int+4
                  | Dex+2}
 62816 | Vaults:5 | Got a silver rune of Zot
 63384 | Vaults:5 | Learned a level 2 spell: Blink
 63390 | Vaults:5 | Learned a level 5 spell: Manifold Assault
 63703 | Zot:1    | Entered Level 1 of the Realm of Zot
 63915 | Zot:2    | Noticed an orb of fire
 63937 | Zot:2    | Killed an orb of fire
 65693 | Zot:2    | Noticed Ofiett's ghost (veteran TrCK)
 65702 | Zot:2    | Found a runed translucent door.
 66048 | Zot:2    | Noticed a Killer Klown
 66079 | Zot:2    | Killed a Killer Klown
 66175 | Zot:2    | Noticed a curse toe
 66181 | Zot:2    | Noticed a Killer Klown
 66188 | Zot:2    | Noticed an orb of fire
 66758 | Zot:2    | Killed an orb of fire
 66759 | Zot:2    | Reached XP level 25. HP: 126/237 MP: 0/22
 66764 | Zot:2    | Killed a Killer Klown
 68801 | Zot:3    | Reached skill level 15 in Shields
 70782 | Zot:5    | Entered Level 5 of the Realm of Zot
 71001 | Zot:4    | Reached skill level 15 in Armour
 71001 | Zot:4    | Reached skill level 15 in Dodging
 72392 | Slime:1  | Entered Level 1 of the Pits of Slime
 73102 | Slime:5  | Entered Level 5 of the Pits of Slime
 73671 | Slime:5  | Noticed the Royal Jelly
 73673 | Slime:5  | Found a viscous altar of Jiyva.
 73687 | Slime:5  | Found the +5 glaive of the Guard {elec, spectral, AC+5}
 73692 | Slime:5  | Killed the Royal Jelly
 73693 | Slime:5  | Reached XP level 26. HP: 147/246 MP: 0/22
 74034 | Slime:5  | Identified the +7 trident of the Thirsty Persimmons
                  | {vorpal, rElec rPois Str-4 Dex-4}
 74069 | Slime:5  | Identified the +5 dire flail "Ekurch" {elec, Int+5}
 74072 | Slime:5  | Acquired 871 gold pieces
 74111 | Slime:5  | Got a slimy rune of Zot
 74717 | D:12     | Bought a potion of haste for 220 gold pieces
 74717 | D:12     | Bought a potion of heal wounds for 110 gold pieces
 74717 | D:12     | Bought 2 potions of experience for 2200 gold pieces
 74717 | D:12     | Bought a potion of resistance for 220 gold pieces
 74717 | D:12     | Bought a potion of flight for 66 gold pieces
 74717 | D:12     | Bought a potion of flight for 66 gold pieces
 74717 | D:12     | Bought a potion of might for 88 gold pieces
 74717 | D:12     | Bought a potion of curing for 66 gold pieces
 74720 | D:12     | Bought a scroll of teleportation for 45 gold pieces
 74720 | D:12     | Bought a scroll of summoning for 142 gold pieces
 74720 | D:12     | Bought a scroll of silence for 142 gold pieces
 74720 | D:12     | Bought a scroll of blinking for 112 gold pieces
 74720 | D:12     | Bought a scroll of summoning for 142 gold pieces
 74720 | D:12     | Bought a scroll of fog for 60 gold pieces
 74782 | Elf:1    | Entered Level 1 of the Elven Halls
 74784 | Elf:1    | Paralysed by an air elemental for 1 turns
 75380 | Elf:1    | Paralysed by a floating eye for 4 turns
 75697 | Elf:1    | Paralysed by an air elemental for 1 turns
 76284 | Elf:1    | Reached XP level 27. HP: 253/253 MP: 20/26
 76287 | Elf:1    | Learned a level 1 spell: Apportation
 76291 | Elf:1    | Learned a level 3 spell: Lesser Beckoning
 76708 | Elf:2    | Found Resekha's Jewellery Emporium.
 77077 | Elf:3    | Entered Level 3 of the Elven Halls
 77597 | Elf:3    | Reached skill level 5 in Translocations
 77692 | Elf:3    | Reached skill level 5 in Spellcasting
 78233 | Elf:2    | Identified the +7 arbalest of Uskayaw's Pride {freeze, rC+
                  | Str+3}
 78715 | Elf:2    | Found a runed translucent gate.
 78716 | Elf:2    | Found a runed translucent gate.
 78716 | Elf:2    | Found a runed translucent gate.
 79938 | Elf:3    | Reached skill level 10 in Translocations
 80133 | Elf:3    | Identified the +3 long sword "Vepanai" {venom, rF+ rN+
                  | rCorr Str+4}
 80137 | Elf:3    | Identified the +6 broad axe of Blood-Lust {flame, rC+}
 80346 | Elf:3    | Identified the +3 quarterstaff of Yvurud {vorpal, Contam
                  | rN+ Str+2 Stlth+}
 80353 | Elf:3    | Identified the +9 spear "Beastbane" {elec, rF+ rN+ SInv
                  | Stlth-}
 80356 | Elf:3    | Identified the +13 gold dragon scales of Bursted Mirth
                  | {rPois rF+ rC+ Str+4 Dex+2}
 80366 | Elf:3    | Got the Anthology of Glamour
 81265 | Depths:1 | Voluntarily entered the Abyss.
 81265 | Abyss:1  | Found a shimmering altar of Xom.
 81302 | Abyss:1  | Found a corrupted altar of Lugonu.
 82645 | Abyss:4  | Got an abyssal rune of Zot
 82719 | Depths:1 | Escaped the Abyss
 83075 | Crypt:1  | Entered Level 1 of the Crypt
 84010 | Crypt:1  | Reached skill level 15 in Translocations
 84742 | Crypt:1  | Found a runed door.
 84810 | Crypt:1  | Noticed a dread lich
 84832 | Crypt:1  | Killed a dread lich
 84884 | Crypt:1  | Identified the +1 scale mail of the Unbroken {-Tele rElec
                  | rF++ rC+}
 84885 | Crypt:1  | Identified the -1 pair of gloves "Luevuot" {rPois}
 84913 | Crypt:1  | Identified the +2 robe of Purpose {Rampage rF+ Int-2
                  | Archmagi}
 84916 | Crypt:1  | Identified the +2 morningstar of Cheibriados, Building
                  | {protect, rElec rCorr Dex+3}
 84917 | Crypt:1  | Identified the ring "Icroneeb" {rPois rF+ Int+3 Dex+6}
 84931 | Crypt:1  | Acquired a There-And-Back Book
 84937 | Crypt:1  | Learned a level 3 spell: Teleport Other
 84945 | Crypt:1  | Learned a level 6 spell: Dispersal
 85259 | Crypt:2  | Noticed Saint Roka
 85299 | Crypt:2  | Killed Saint Roka
 85464 | Crypt:2  | Noticed Boris
 85471 | Crypt:2  | Killed Boris
 85636 | Crypt:3  | Entered Level 3 of the Crypt
 86051 | Crypt:2  | Noticed Bai Suzhen
 86070 | Crypt:2  | Killed Bai Suzhen
 87522 | Crypt:3  | Found a basalt altar of Yredelemnul.
 87687 | Crypt:3  | Got the Precepts of Misery
 87700 | Crypt:3  | Identified the +0 chain mail of Infinity {Str+2}
 88470 | Crypt:3  | Identified the amulet "Tasha" {Will+ Regen+ Int+7 SInv}
 88470 | Crypt:3  | Identified the ring of the Thieving Saviour {rN+ Str+4
                  | Int+4}
 88474 | Crypt:3  | Identified the ring of Gadweutzeu {*Corrode +Blink rPois
                  | Str+6 SInv}
 88643 | Crypt:3  | Found a staircase to the Tomb.
 89083 | Hell     | Entered the Vestibule of Hell
 89083 | Hell     | Noticed Geryon
 89228 | Hell     | Killed Geryon
 90200 | Hell     | Found a gateway to the Iron City of Dis.
 90274 | Hell     | Found a gateway to the ashen valley of Gehenna.
 90400 | Hell     | Found a gateway to the decaying netherworld of Tartarus.
 90479 | Hell     | Found a gateway to the freezing wastes of Cocytus.
 91246 | Zot:4    | Bought a scroll of fog for 100 gold pieces
 91246 | Zot:4    | Bought 3 scrolls of enchant weapon for 562 gold pieces
 91246 | Zot:4    | Bought a scroll of fog for 100 gold pieces
 91246 | Zot:4    | Bought a scroll of enchant weapon for 187 gold pieces
 91462 | Zot:5    | Noticed a dread lich
 91479 | Zot:5    | Killed a dread lich
 91651 | Zot:5    | Noticed an orb of fire
 91655 | Zot:5    | Noticed an ancient lich
 91672 | Zot:5    | Killed an orb of fire
 91676 | Zot:5    | Killed an ancient lich
 92169 | Zot:5    | Noticed an ancient lich
 92178 | Zot:5    | Noticed an ancient lich
 92178 | Zot:5    | Noticed an orb of fire
 92183 | Zot:5    | Noticed an ancient lich
 92187 | Zot:5    | Killed an ancient lich
 92193 | Zot:5    | Killed an ancient lich
 92204 | Zot:5    | Killed an orb of fire
 92218 | Zot:5    | Killed an ancient lich
 92410 | Zot:5    | Noticed an ancient lich
 92415 | Zot:5    | Noticed an orb of fire
 92425 | Zot:5    | Killed an ancient lich
 92443 | Zot:5    | Killed an orb of fire
 93409 | Zot:5    | Bought a potion of curing for 51 gold pieces
 93409 | Zot:5    | Bought a potion of curing for 51 gold pieces
 93409 | Zot:5    | Bought 2 potions of heal wounds for 170 gold pieces
 93409 | Zot:5    | Bought a potion of curing for 51 gold pieces
 93548 | Pan      | Entered Pandemonium
 93824 | Pan      | Noticed Fiucorecs the pandemonium lord
 93825 | Pan      | Killed from afar by a Hell Sentinel

Illustrated notes

Levels and vault maps discovered:
D:1:      amcnicky_arrival_choice, layout_loops_ring,
          hellmonk_ecumenical_altar_the_god_not_taken
D:2:      minmay_diamond_boxcup, layout_rooms, kennysheep_generic_room_14,
          uniq_natasha, uniq_robin
D:3:      gammafunk_steamed_eel, layout_basic, minmay_overflow_temple_star_quad,
          uniq_jessica
D:4:      layout_loops_ring
D:5:      minmay_evil_eye, layout_loops_ring, jmf_multi_god_temple2,
          yredelemnul_altar_generic, minmay_manual_mares
D:6:      layout_rooms, minmay_lizard_king
D:7:      layout_cave_pools, mainiacjoe_overflow_chevrons,
          mainiacjoe_overflow_alcove_4, minmay_temple_entry_junction
D:8:      layout_cave_pools, marbit_many_paths, uniq_maggie
D:9:      minmay_shrinking_squares, layout_cave_pools
D:10:     layout_loops_ring, lemuel_tele_altar, lemuel_coloured_pillars_altar,
          serial_shops, nicolae_square_shop, grunt_ministairs_8,
          evilmike_butchery
D:11:     layout_basic, erik_lair_island, kennysheep_generic_room_10
D:12:     layout_long_grid, orc_0_dummy, serial_shops, bzr_entry_water,
          serial_ice, serial_ice_m, serial_ice_j, serial_ice_g, serial_ice_b,
          serial_ice_h, serial_ice_a, serial_ice_f, serial_ice_d, serial_ice_c,
          serial_ice_o, uniq_urug
D:13:     layout_loops_ring, skrybe_vaults_entry_preservation, serial_demonic,
          serial_demonic_c, serial_demonic_a, serial_demonic_c,
          serial_demonic_c, serial_demonic_a, serial_demonic_d,
          serial_demonic_b, serial_demonic_c, drop_trap, minmay_misc_feat_doors,
          uniq_rupert, uniq_josephine, uniq_nessos
D:14:     layout_loops_ring, nicolae_elevator_lobby_asterisk, kennysheep_nub,
          uniq_frances, uniq_snorg
D:15:     grunt_enter_depths_snipers, layout_basic,
          grunt_dithmenos_smoke_and_mirrors, minivault_13, uniq_kirke
Temple:   jpeg_temple_clearing
Lair:1:   layout_loops_ring
Lair:2:   hellmonk_ruined_rings, layout_gridlike, skrybe_swamp_entry_bodies,
          serial_bayou_pond_c
Lair:3:   layout_concentric_octagons, minmay_snake_entry_six_corridors
Lair:4:   statuecave_lemuel, layout_regular_city, slime_entry_2, basic_altar
Lair:5:   hellmonk_lair_end_abyssal_woods, layout_cave_pods, lemuel_fruit_tree
Swamp:1:  layout_basic_swamp, evilmike_swamp_ruin_house_5
Swamp:2:  layout_basic_swamp, nicolae_swamp_orc_logging_accident
Swamp:3:  layout_falls_marsh, ebering_ghost_xom, nicolae_swamp_dense_foliage,
          infiniplex_staircase_pool
Swamp:4:  swamp_icy, layout_basic_swamp, nicolae_swamp_no_escape, uniq_donald
Snake:1:  gammafunk_sealed_library, layout_misc_corridors, serial_bayou_shore_b,
          grunt_megastairs_5, uniq_aizul
Snake:2:  layout_onion_interference, serial_shops, nicolae_shop_statue_plus,
          nicolae_snake_single_loop, nicolae_snake_salamander_fort, uniq_vashnia
Snake:3:  layout_chambers, serial_bayou_lake_a
Snake:4:  minmay_snake_end_coiled, layout_cave_town,
          nicolae_snake_salamander_jacuzzi
Slime:1:  layout_caves
Slime:2:  layout_caves
Slime:3:  layout_caves
Slime:4:  layout_caves
Slime:5
Orc:1:    layout_caves, uniq_jorgrun
Orc:2:    pf_orc_diabolical, layout_diamond_mine,
          portal_ice_cave_entry_ice_simulacra
Elf:1:    nicolae_elf_arrival_aired_out, layout_loops_corners,
          hangedman_corner_corridor, minmay_misc_feat_five, onia_ninara_cookie
Elf:2:    nicolae_elf_blades_crystal_corner, layout_gridlike, special_room
          [special_room_mythical_zoo], serial_shops,
          nicolae_shop_hallway_stairs, drop_trap, fake_guardian_serpent_vault
Elf:3:    minmay_elf_hall_statues, layout_rooms,
          nicolae_concentric_dashed_squares_wild
Vaults:1: nicolae_vaults_asterisk, ontoclasm_vaults_ligature,
          vaults_room_grunt_arrival_ludios, grunt_vaults_focal,
          hangedman_vaults_trim, v_alt_pattern_2, grunt_vaults_bifocal,
          nicolae_vaults_murderbox, v_alt_pattern_1,
          nicolae_vaults_little_squares_4, layout_vaults_quadrants,
          serial_shops, nicolae_shop_behind_doors, nicolae_shop_crystal, shop,
          shop
Vaults:2: nicolae_vaults_network_quincunx
          [nicolae_vaults_network_quincunx_subvault,
          nicolae_vaults_network_quincunx_subvault,
          nicolae_vaults_network_quincunx_subvault,
          nicolae_vaults_network_quincunx_subvault,
          nicolae_vaults_network_quincunx_subvault], st_diamondy, v_misc_15,
          nicolae_vaults_stairing_the_circle, vaults_dpeg_hooks,
          hangedman_vaults_stream, v_pattern_1, v_misc_24, v_misc_5, v_misc_16,
          vaults_dpeg_cross, vaults_mumra_chevron_long, layout_vaults_big_room
Vaults:3: hangedman_vaults_corner, nicolae_vaults_triangles,
          ontoclasm_vaults_fault, vaults_mumra_lcd,
          nicolae_vaults_little_squares_6, v_alt_pattern_2,
          vaults_dpeg_diagonal, nicolae_vaults_mini_display_case,
          layout_vaults_omnibox, dummy_crypt_entry, serial_shops, shop
Vaults:4: nicolae_vaults_hallways_thing, ontoclasm_vaults_twist,
          nicolae_vaults_bisected_inception, v_misc_9,
          hangedman_vaults_river_flow, serial_ice_h,
          nicolae_vaults_little_squares_1, ontoclasm_vaults_gateway,
          ontoclasm_vaults_gallery, hangedman_vaults_maws,
          hangedman_vaults_maws, layout_vaults_omnicross, serial_shops,
          nicolae_diamond_shop
Vaults:5
Crypt:1:  evilmike_wizard_prison, layout_rooms, grunt_crypt_arrival_split,
          uniq_josephina
Crypt:2:  layout_regular_city, uniq_saint_roka, uniq_boris, uniq_bai_suzhen
Crypt:3:  church_of_pain_bobbens, layout_chaotic_city,
          nicolae_tomb_entry_grand_gallery
Depths:1: layout_cave_pools, serial_bayou, serial_bayou_lagoon_a,
          serial_bayou_ford_a, serial_bayou_shore_a, serial_bayou_shore_b,
          chequers_serial_rivers_micro_c, nicolae_hell_entry_hellmouth_sunbeams,
          abyss_entry, minmay_shop_enchanted_jewellery, grunt_decor_junction,
          minmay_guarded_unrand_curses
Depths:2: minmay_the_grid_octo_triangle [minmay_the_grid_octo_horde,
          minmay_the_grid_octo_prize_star, minmay_the_grid_octo_clover],
          layout_honeycomb, grunt_pan_entry_spiral,
          nicolae_abyss_entry_one_way_or_another, serial_shops,
          bzr_entry_customers, grunt_hell_entry_dis_old
Depths:3: minmay_fractal_lines_corner, layout_cave_shapes, enter_ziggurat_f,
          abyss_entry, hangedman_geh_valley, serial_shops,
          nicolae_shop_waterfront, nicolae_shop_overcharged_wands,
          roderic_lattice_octagonal_star
Depths:4: grunt_zot_entry_gee_three, layout_basic,
          hangedman_decor_clover_reticule, hangedman_coc_ice_floe, serial_shops,
          shop, argonaut_fire_from_heaven
Hell
Zot:1:    kennysheep_blocky_hall, layout_onion_interference
Zot:2:    grunt_zot_stairs_mandelzot, layout_gridlike,
          hellmonk_ghost_happy_afterlife, lemuel_elevator
Zot:3:    layout_onion_interference
Zot:4:    layout_gridlike
Zot:5:    layout_misc_corridors, grunt_megastairs_2
Pan:      grunt_pan_pentagram, layout_rooms, nicolae_pan_cerebovesque_2

Skill      XL: |  1  2  3  4  5  6  7  8  9 10 11 12 13 14 15 16 17 18 19 20 21 22 23 24 25 26 27 |
---------------+----------------------------------------------------------------------------------+-----
Axes           | 2 3 4 5 7 9 10 12 13 15 18 | 18.0
Shields        | 3 4 6 9 10 11 13 14 15 | 15.0
Dodging        | 1 2 3 5 8 11 12 13 16 17 | 17.2
Fighting       | 4 5 7 8 9 11 12 14 15 16 17 19 21 | 21.9
Armour         | 3 5 8 11 12 13 16 17 | 17.2
Evocations     | 8 13 14 16 17 19 21 | 21.6
Throwing       | 4 |  4.2
Spellcasting   | 2 8 |  8.0
Translocations | 3 21 | 21.5

Action                   |  1- 3 |  4- 6 |  7- 9 | 10-12 | 13-15 | 16-18 | 19-21 | 22-24 | 25-27 || total
-------------------------+-------+-------+-------+-------+-------+-------+-------+-------+-------++-------
Melee: War axe           |    84 |   107 |   315 |   415 |  1134 |       |       |       |       ||  2055
       Whip              |       |    49 |   116 |     3 |       |       |       |       |       ||   168
       Hand axe          |       |       |       |   343 |    75 |    35 |       |       |    17 ||   470
       Broad axe         |       |       |       |       |     6 |  1221 |  1006 |  1437 |  2811 ||  6481
Throw: Dart              |       |       |       |     8 |       |       |       |       |       ||     8
Invok: Call Merchant     |       |       |       |       |     1 |       |       |       |     4 ||     5
       Bribe Branch      |       |       |       |       |       |       |       |     1 |       ||     1
Evoke: Wand              |       |     8 |     7 |    12 |     7 |    11 |     1 |     5 |    13 ||    64
       Box of beasts     |       |       |       |     1 |       |     2 |     2 |     1 |     3 ||     9
       Lightning rod     |       |       |       |       |       |       |     4 |       |     4 ||     8
       Phial of floods   |       |       |       |       |       |       |       |     1 |     2 ||     3
       Tin of tremorston |       |       |       |       |       |       |       |       |     7 ||     7
       Condenser vane    |       |       |       |       |       |       |       |       |     2 ||     2
       Horn of Geryon    |       |       |       |       |       |       |       |       |     1 ||     1
  Use: Scroll            |       |    11 |     6 |     8 |     8 |     7 |     2 |    17 |    13 ||    72
       Potion            |       |     1 |       |     4 |     4 |     5 |     2 |    11 |    23 ||    50
 Stab: Distracted        |       |       |       |     7 |     5 |    15 |    12 |     8 |    27 ||    74
       Invisible         |       |       |       |     2 |       |     1 |       |     2 |    24 ||    29
       Paralysed         |       |       |       |       |       |       |       |       |     2 ||     2
Armor: Scale mail        |    65 |       |       |       |       |       |       |       |       ||    65
       Chain mail        |     3 |    78 |   227 |     5 |       |       |       |       |       ||   313
       Plate armour      |       |       |       |   132 |       |       |       |       |       ||   132
       Storm dragon scal |       |       |       |   176 |   547 |   539 |   435 |   690 |   669 ||  3056
       Gold dragon scale |       |       |       |       |       |       |       |       |   805 ||   805
Dodge: Dodged            |    62 |    42 |   153 |   193 |   240 |   297 |   290 |   466 |  1060 ||  2803
Block: Buckler           |    27 |    89 |   297 |   189 |       |       |       |       |       ||   602
       Reflection        |       |       |     8 |    29 |    32 |   102 |    58 |    14 |   111 ||   354
       Kite shield       |       |       |       |   450 |  1197 |  1146 |   833 |  1116 |  2476 ||  7218

Table legend: (Time is in decaauts)
 A = Elapsed time spent in this place.
 B = Non-inter-level travel time spent in this place.
 C = Inter-level travel time spent in this place.
 D = Time resting spent in this place.
 E = Time spent auto-exploring this place.
 F = Levels seen in this place.
 G = Mean time per level.
                   A        B        C        D        E       F      G
               +--------+--------+--------+--------+--------+-----+--------+
         Total |  92738 |  86956 |   5782 |   8177 |  56972 |  65 | 1426.7 |
       Dungeon |  21211 |  19667 |   1544 |   2214 |  12154 |  15 | 1414.1 |
        Temple |     20 |     11 |      9 |      0 |      3 |   1 |   20.0 |
          Lair |   6528 |   5882 |    646 |    203 |   3963 |   5 | 1305.6 |
         Swamp |   5086 |   4888 |    198 |    522 |   3259 |   4 | 1271.5 |
     Snake Pit |   5915 |   5677 |    238 |    115 |   4332 |   4 | 1478.8 |
    Slime Pits |   1837 |   1756 |     81 |    531 |    415 |   5 |  367.4 |
  Orcish Mines |   2619 |   2374 |    245 |      0 |   1790 |   2 | 1309.5 |
   Elven Halls |   5918 |   5705 |    213 |    422 |   3809 |   3 | 1972.7 |
        Vaults |  12922 |  11763 |   1159 |   1092 |   8581 |   5 | 2584.4 |
         Crypt |   5245 |   5092 |    153 |     23 |   3601 |   3 | 1748.3 |
        Depths |  11297 |  10541 |    756 |   1208 |   7157 |   4 | 2824.2 |
          Hell |    726 |    690 |     36 |      0 |    411 |   1 |  726.0 |
           Zot |  10513 |  10016 |    497 |   1281 |   6450 |   5 | 2102.6 |
         Abyss |   1375 |   1375 |      0 |    251 |    367 |   4 |  343.8 |
   Pandemonium |    263 |    263 |      0 |      0 |    141 |   1 |  263.0 |
        Bazaar |    390 |    390 |      0 |      0 |    286 |   2 |  195.0 |
      Ice Cave |    865 |    865 |      0 |    315 |    251 |   1 |  865.0 |
               +--------+--------+--------+--------+--------+-----+--------+

Top non-repeatable levels by time:
Depths:2: 4510 daAuts
   Zot:2: 3603 daAuts
Vaults:4: 3341 daAuts
Vaults:1: 2764 daAuts
    D:13: 2690 daAuts
Vaults:2: 2632 daAuts
    D:12: 2544 daAuts
   Elf:2: 2436 daAuts
 Crypt:3: 2411 daAuts
Depths:1: 2378 daAuts
Depths:4: 2372 daAuts
   Elf:1: 2207 daAuts
Vaults:3: 2192 daAuts
   Zot:4: 2179 daAuts
Depths:3: 2036 daAuts
